Map: [ESL] Royal Blood

Players

Serral

  • Race: Zerg Zerg
  • Spawn Location: 1:00

MaxPax - Winner!

  • Race: Protoss Protoss
  • Spawn Location: 7:00

Event: ESL SC2 Masters 2023 Summer (Regionals)

VOD

Have the link to the VOD?

Description

Time

  • Played on: May 21, 2023, 3:30 p.m.
  • Length: 17:25

All games in this series

Show
View Real Time Build Order
Export as new Build Order

Serral Zerg 

Build Orders: Pool First, Lurkers 

Get SALT Encoding   

  12  0:00  Drone  
  13  0:12  Overlord  
  13  0:16  Drone  
  14  0:30  Drone x2  
  14  0:35  Drone  
  17  0:44  Spawning Pool  
  16  1:06  Hatchery  
  16  1:09  Drone  
  16  1:12  Drone  
  16  1:16  Extractor  
  16  1:17  Drone  
  17  1:31  Queen  
  20  1:32  Zergling x2  
  20  1:35  Drone  
  21  1:42  Overlord  
  21  1:52  Drone  
  22  2:03  Drone  
  22  2:07  Queen  
  25  2:13  Drone  
  26  2:19  Drone  
  27  2:24  Drone  
  27  2:27  Metabolic Boost  
  28  2:33  Hatchery  
  28  2:37  Drone  
  28  2:40  Zergling x2  
  28  2:42  Zergling x2  
  30  2:45  Drone  
  30  2:51  Overlord  
  29  3:00  Spore Crawler  
  29  3:02  Drone  
  29  3:05  Drone x4  
  32  3:12  Drone  
  34  3:16  Drone  
  34  3:17  Drone x2  
  34  3:19  Overlord  
  37  3:25  Queen  
  39  3:28  Queen  
  39  3:32  Overlord  
  41  3:38  Drone  
  41  3:39  Drone  
  43  3:47  Queen  
  45  3:49  Drone  
  45  3:51  Zergling x10  
  45  3:52  Zergling x2  
  52  3:59  Overlord  
  52  4:00  Queen  
  54  4:05  Drone  
  54  4:06  Drone x2  
  57  4:13  Spore Crawler  
  57  4:14  Drone x2, Spore Crawler  
  57  4:21  Overlord, Drone x2  
  57  4:24  Drone x2  
  58  4:32  Zergling x6  
  58  4:37  Drone  
  58  4:38  Drone x3  
  64  4:42  Roach Warren  
  64  4:43  Drone x2  
  65  4:50  Drone x3  
  68  4:58  Lair  
  69  5:00  Extractor, Drone x2  
  69  5:01  Drone  
  70  5:07  Drone x4, Evolution Chamber  
  70  5:11  Overlord  
  70  5:12  Overlord  
  73  5:22  Hatchery  
  73  5:23  Overlord  
  73  5:25  Spore Crawler  
  73  5:26  Drone x2  
  73  5:28  Extractor  
  73  5:31  Zergling x2  
  73  5:32  Drone x3  
  73  5:34  Drone x3  
  73  5:35  Drone  
  80  5:36  Zerg Missile Weapons Level 1  
  80  5:39  Queen  
  80  5:41  Drone x2  
  80  5:42  Drone  
  85  5:45  Overlord  
  85  5:47  Drone  
  85  5:48  Drone  
  85  5:49  Extractor x2  
  85  5:50  Overlord  
  85  5:53  Overlord  
  85  5:56  Glial Reconstitution  
  85  5:57  Overlord  
  85  6:02  Overlord  
  85  6:05  Roach  
  85  6:06  Roach x3  
  85  6:10  Roach  
  85  6:11  Roach x2  
  99  6:14  Drone  
  99  6:17  Drone x5  
  104  6:23  Infestation Pit  
  104  6:25  Overlord  
  103  6:26  Drone x2  
  103  6:28  Roach x2  
  109  6:33  Roach x3  
  109  6:38  Drone  
  116  6:42  Roach x2, Zergling x2  
  116  6:45  Zergling x2  
  122  6:48  Hydralisk Den  
  122  6:49  Zergling x14  
  128  6:55  Zergling x4  
  128  6:58  Zergling x4  
  127  7:03  Hive  
  127  7:05  Zergling x16  
  134  7:14  Roach  
  134  7:15  Roach  
  135  7:16  Overlord  
  135  7:17  Overlord  
  135  7:19  Zergling x2  
  131  7:24  Roach  
  131  7:28  Lurker Den  
  131  7:30  Drone x2  
  131  7:31  Drone  
  131  7:32  Extractor, Drone x2  
  131  7:33  Zerg Melee Weapons Level 1  
  131  7:34  Overlord x2  
  131  7:35  Spine Crawler, Zergling x2  
  131  7:36  Zergling x14  
  142  7:43  Roach x3  
  145  7:46  Roach  
  145  7:50  Roach x2  
  142  7:54  Roach  
  142  7:55  Roach  
  147  7:58  Roach x3  
  147  8:04  Roach x2, Zergling x18  
  159  8:10  Overlord, Ravager  
  159  8:20  Zergling x6  
  162  8:27  Hatchery  
  162  8:31  Hydralisk x4, Seismic Spines  
  162  8:34  Overlord  
  169  8:40  Hydralisk x3  
  174  8:51  Drone  
  175  8:56  Zergling x10  
  180  9:05  Hatchery, Zergling x2  
  180  9:07  Overlord x2  
  180  9:08  Overlord x2  
  178  9:14  Lurker x2  
  178  9:23  Hydralisk x2  
  178  9:24  Zergling x2  
  177  9:29  Adaptive Talons  
  177  9:30  Lurker x5  
  180  9:32  Drone x4  
  180  9:33  Extractor  
  180  9:34  Extractor, Spore Crawler  
  180  9:37  Hydralisk x2  
  180  9:38  Zergling x12  
  181  9:44  Hydralisk x2  
  181  9:45  Zergling x4  
  181  9:51  Drone  
  181  9:52  Lurker x2  
  182  9:55  Zerg Melee Weapons Level 2, Muscular Augments  
  182  10:04  Drone, Spore Crawler  
  182  10:08  Zergling x6  
  182  10:09  Overseer  
  185  10:14  Hatchery  
  185  10:15  Hydralisk x3  
  188  10:31  Lurker x4  
  188  10:34  Zergling x2  
  188  10:35  Zergling x14  
  193  10:41  Drone x3  
  186  10:47  Hydralisk x3  
  186  10:48  Zergling x12  
  196  11:12  Hydralisk x2  
  196  11:13  Zergling x2  
  199  11:23  Zergling x30  
  185  11:27  Hydralisk x2  
  185  11:28  Zergling x2  
  185  11:31  Hydralisk  
  185  11:32  Hydralisk, Zergling x4  
  185  11:39  Hydralisk x2  
  178  11:40  Zergling x8  
  171  11:49  Hydralisk x5  
  171  11:53  Hydralisk x2  
  178  11:55  Hatchery  
  174  12:01  Hydralisk x3  
  180  12:14  Hydralisk x3  
  178  12:17  Grooved Spines  
  163  12:23  Hydralisk x2  
  163  12:24  Hydralisk  
  155  12:31  Hydralisk  
  155  12:32  Hydralisk x2  
  149  12:43  Hydralisk x5  
  159  12:50  Zerg Missile Weapons Level 2  
  156  12:53  Viper x2  
  161  12:59  Viper x2  
  161  13:02  Hydralisk x2  
  165  13:12  Lurker x2  
  165  13:15  Hydralisk x2  
  171  13:21  Zergling x4  
  171  13:26  Hydralisk, Lurker  
  176  13:28  Overseer  
  176  13:32  Zergling x6  
  179  13:40  Zergling x12  
  180  13:43  Drone x2  
  182  13:50  Lurker x2  
  182  13:53  Overseer  
  184  13:58  Zergling x2  
  184  13:59  Zergling x8  
  186  14:04  Adrenal Glands  
  184  14:11  Hydralisk x2  
  188  14:17  Hydralisk x3  
  191  14:27  Hydralisk x2  
  191  14:28  Zergling x4  
  194  14:34  Hydralisk x2  
  194  14:35  Zergling x2  
  195  14:41  Hydralisk x3  
  195  15:00  Hydralisk x2  
  195  15:06  Drone x4, Zerg Ground Armor Level 1  
  200  15:14  Hatchery  
  173  15:23  Hydralisk x9  
  178  15:31  Hydralisk x6  
  182  15:39  Viper x2  
  179  15:54  Hydralisk x8  
  189  16:01  Overseer  
  189  16:03  Hydralisk x4  
  193  16:08  Overseer x3  
  184  16:19  Lurker  
  184  16:22  Lurker x2  
  184  16:23  Lurker x2  
  189  16:26  Hatchery  
  188  16:34  Lurker  
  188  16:35  Lurker  
  188  16:36  Pneumatized Carapace  
  183  16:41  Hydralisk  
  183  16:42  Hydralisk  
  179  16:50  Hydralisk x4  
Show
View Real Time Build Order
Export as new Build Order

MaxPax Protoss - Winner!

Build Orders: 1 Gate Expand, Oracle Opening, Carriers 

Get SALT Encoding   

  12  0:00  Probe  
  13  0:12  Probe  
  14  0:19  Pylon  
  14  0:29  Probe (Chrono Boost)  
  15  0:40  Gateway  
  15  0:41  Probe (Chrono Boost)  
  16  0:47  Probe (Chrono Boost)  
  17  0:51  Assimilator  
  17  0:55  Probe  
  18  1:07  Probe  
  19  1:19  Probe  
  20  1:28  Cybernetics Core  
  20  1:35  Nexus  
  20  1:38  Probe  
  21  1:45  Pylon  
  21  1:50  Probe  
  21  1:53  Assimilator  
  22  2:01  Adept (Chrono Boost)  
  22  2:02  Probe  
  22  2:05  Warp Gate  
  25  2:15  Probe  
  26  2:22  Adept (Chrono Boost)  
  26  2:27  Probe  
  29  2:39  Probe  
  30  2:46  Stargate  
  30  2:50  Probe (Chrono Boost), Adept  
  34  2:53  Probe (Chrono Boost)  
  34  3:02  Probe (Chrono Boost)  
  36  3:08  Probe (Chrono Boost)  
  36  3:09  Probe (Chrono Boost)  
  36  3:11  Pylon  
  35  3:15  Probe  
  35  3:16  Probe  
  35  3:17  Gateway  
  37  3:27  Probe, Oracle (Chrono Boost)  
  37  3:28  Probe  
  42  3:39  Probe  
  42  3:40  Probe  
  44  3:50  Nexus  
  44  3:51  Probe  
  44  3:52  Pylon  
  44  3:54  Stalker  
  47  3:58  Oracle (Chrono Boost)  
  47  4:00  Probe  
  51  4:05  Probe  
  51  4:09  Assimilator  
  52  4:12  Probe  
  53  4:17  Twilight Council  
  53  4:22  Adept x2  
  53  4:23  Probe  
  58  4:25  Probe  
  59  4:35  Probe  
  59  4:36  Shield Battery  
  59  4:38  Gateway  
  58  4:40  Probe, Gateway  
  58  4:41  Oracle (Chrono Boost)  
  62  4:51  Pylon  
  62  5:02  Probe x2 (Chrono Boost), Stalker x2  
  62  5:05  Probe (Chrono Boost)  
  69  5:07  Assimilator  
  69  5:09  Blink (Chrono Boost)  
  69  5:14  Probe x2 (Chrono Boost)  
  72  5:18  Probe (Chrono Boost)  
  72  5:19  Probe x2 (Chrono Boost)  
  74  5:23  Pylon  
  74  5:26  Probe  
  74  5:28  Probe  
  76  5:29  Probe  
  76  5:33  Stalker x3  
  83  5:38  Probe  
  83  5:39  Forge  
  83  5:41  Probe  
  85  5:44  Pylon  
  85  5:45  Pylon  
  85  5:46  Stalker  
  88  5:57  Probe  
  88  5:58  Probe x2  
  88  6:02  Stalker x3  
  96  6:08  Protoss Ground Weapons Level 1 (Chrono Boost)  
  96  6:10  Pylon  
  97  6:13  Nexus  
  96  6:18  Photon Cannon  
  96  6:21  Stalker  
  98  6:26  Probe x2  
  98  6:28  Probe  
  101  6:33  Stalker x3  
  101  6:38  Probe, Forge  
  108  6:44  Probe  
  108  6:46  Photon Cannon  
  109  6:48  Pylon  
  109  6:50  Probe  
  110  6:55  Probe, Gateway  
  110  6:56  Charge  
  110  6:57  Gateway  
  111  7:05  Stalker x3  
  111  7:07  Probe x3  
  120  7:14  Stalker  
  122  7:19  Probe  
  117  7:25  Probe x2  
  117  7:26  Protoss Ground Armor Level 1 (Chrono Boost)  
  117  7:27  Probe  
  117  7:28  Robotics Facility  
  118  7:32  Stalker x3  
  118  7:33  Probe  
  118  7:36  Pylon  
  125  7:41  Probe  
  125  7:42  Stalker  
  125  7:43  Probe  
  129  7:51  Stalker  
  125  7:53  Pylon, Gateway  
  125  7:57  Gateway  
  125  7:58  Probe, Stalker x3  
  126  7:59  Stalker  
  126  8:05  Nexus  
  132  8:06  Probe  
  132  8:07  Pylon, Protoss Ground Weapons Level 2 (Chrono Boost)  
  132  8:09  Probe  
  132  8:11  Probe  
  135  8:15  Zealot x2  
  135  8:17  Photon Cannon  
  135  8:19  Pylon, Warp Prism (Chrono Boost)  
  141  8:27  Zealot x4  
  149  8:34  Probe  
  149  8:36  Photon Cannon, Shield Battery  
  150  8:42  Observer (Chrono Boost)  
  150  8:45  Probe  
  152  8:48  Stalker x7  
  152  8:53  Probe  
  167  9:08  Zealot  
  169  9:13  Robotics Bay  
  169  9:14  Pylon, Zealot  
  171  9:17  Zealot  
  171  9:18  Pylon, Zealot x5  
  179  9:31  Probe  
  168  9:41  Zealot x8  
  168  9:42  Protoss Ground Armor Level 2  
  168  9:45  Probe  
  173  9:48  Gateway  
  173  9:50  Probe, Assimilator x2  
  173  9:52  Probe, Gateway  
  169  9:55  Fleet Beacon, Photon Cannon  
  169  9:56  Assimilator  
  169  9:57  Nexus  
  169  9:58  Probe x2, Stargate  
  169  9:59  Disruptor (Chrono Boost), Pylon  
  171  10:00  Photon Cannon x2  
  172  10:14  Zealot x8  
  186  10:25  Disruptor (Chrono Boost)  
  189  10:29  Shield Battery  
  187  10:41  Tempest x2 (Chrono Boost)  
  173  10:48  Zealot x5  
  173  10:49  Probe x2  
  179  10:51  Assimilator  
  179  10:52  Assimilator  
  179  10:53  Disruptor (Chrono Boost)  
  179  10:55  Zealot x5  
  190  11:04  Photon Cannon  
  190  11:07  Probe  
  190  11:09  Shield Battery  
  190  11:10  Pylon  
  191  11:13  Zealot x4  
  185  11:30  Photon Cannon, Carrier x2 (Chrono Boost)  
  185  11:31  Photon Cannon  
  175  11:41  Templar Archives  
  159  11:48  Disruptor (Chrono Boost), Protoss Air Weapons Level 1 (Chrono Boost)  
  159  11:51  Zealot x10  
  182  11:55  Photon Cannon  
  182  11:57  Shield Battery  
  182  11:58  Photon Cannon  
  182  11:59  Shield Battery  
  172  12:01  Pylon  
  172  12:05  Stargate  
  172  12:15  Zealot x8  
  186  12:18  Observer (Chrono Boost)  
  170  12:25  Zealot  
  170  12:26  Zealot  
  170  12:29  Carrier (Chrono Boost)  
  160  12:32  Carrier (Chrono Boost)  
  166  12:41  Zealot x6  
  175  12:56  Carrier (Chrono Boost)  
  181  13:00  Mothership (Chrono Boost)  
  181  13:04  High Templar x3  
  181  13:05  High Templar  
  185  13:06  Photon Cannon  
  185  13:07  Pylon  
  185  13:08  Archon  
  185  13:09  Archon  
  185  13:10  Zealot x3  
  191  13:16  Pylon  
  191  13:25  Photon Cannon  
  197  13:29  Zealot, Carrier (Chrono Boost)  
  197  13:31  Nexus  
  197  13:32  Probe  
  200  13:45  Photon Cannon  
  200  13:46  Protoss Ground Weapons Level 3 (Chrono Boost)  
  200  13:47  Zealot x2  
  200  13:54  Psionic Storm  
  200  13:57  Photon Cannon  
  200  14:00  Photon Cannon  
  200  14:02  High Templar  
  198  14:03  High Templar  
  198  14:04  Protoss Shields Level 1  
  200  14:14  Zealot x2  
  200  14:15  Photon Cannon  
  200  14:16  Protoss Air Weapons Level 2 (Chrono Boost)  
  193  15:00  High Templar x2  
  193  15:02  Carrier (Chrono Boost)  
  195  15:16  Photon Cannon  
  195  15:17  Shield Battery  
  195  15:18  Photon Cannon  
  195  15:20  Photon Cannon  
  183  15:25  Disruptor  
  186  15:29  Carrier (Chrono Boost)  
  186  15:32  Zealot x7, Carrier (Chrono Boost)  
  190  15:48  Zealot x3  
  193  15:56  Carrier (Chrono Boost)  
  172  16:07  Pylon  
  167  16:16  High Templar  
  167  16:17  High Templar  
  169  16:20  Zealot  
  169  16:21  Zealot x4  
  179  16:26  Archon  
  179  16:32  High Templar  
  183  16:46  Pylon, Zealot x5  
  187  16:49  Zealot x2  
Tags
 
Add a new tag
Caveats
  • Supply blocks, unpowered buildings, or Contaminate may cause inaccurate times.
  • Supply counts are checked every 10 seconds.